Map: [ESL] Blackburn

Players

uThermal

  • Race: Terran Terran

Cyan - Winner!

  • Race: Protoss Protoss

Event: IEM Katowice 2022

VOD

Have the link to the VOD?

Description

Time

  • Played on: Feb. 23, 2022, 7:10 a.m.
  • Length: 14:09

All games in this series

Show
View Real Time Build Order
Export as new Build Order

uThermal Terran 

Build Orders: Reaper Expand 

Get SALT Encoding   

  12  0:00  SCV  
  13  0:12  SCV  
  14  0:17  Supply Depot  
  14  0:24  SCV  
  15  0:39  SCV, Barracks  
  16  0:44  Refinery  
  16  0:51  SCV  
  16  0:56  Supply Depot  
  17  1:03  SCV  
  18  1:15  SCV  
  19  1:26  Reaper  
  19  1:28  Orbital Command  
  20  1:50  Command Center  
  20  1:54  SCV  
  21  2:04  Barracks Reactor  
  21  2:07  SCV  
  22  2:09  Barracks  
  22  2:19  SCV  
  22  2:21  Factory  
  23  2:26  Refinery  
  23  2:31  SCV  
  24  2:40  Marine x2  
  24  2:43  SCV  
  27  2:55  SCV  
  27  2:57  Barracks Tech Lab  
  27  2:58  Marine x2  
  28  3:03  Orbital Command  
  30  3:06  Widow Mine  
  33  3:12  SCV  
  33  3:16  Marine x3  
  33  3:17  Stimpack  
  36  3:22  Orbital Command  
  36  3:24  SCV  
  37  3:30  Starport  
  37  3:33  Factory Reactor  
  37  3:34  Marine  
  37  3:37  SCV, Marine  
  40  3:43  Supply Depot  
  40  3:44  Marine  
  41  3:49  SCV x2  
  41  3:52  Marine  
  41  3:54  Marine  
  45  4:01  SCV  
  46  4:04  Marine  
  46  4:05  Supply Depot, SCV  
  48  4:12  Marine  
  48  4:13  SCV  
  48  4:16  Medivac x2  
  54  4:20  Marine  
  54  4:23  SCV  
  54  4:25  SCV  
  54  4:26  Marine  
  54  4:30  Marine  
  53  4:35  SCV  
  53  4:38  Marine  
  53  4:41  SCV, Factory Tech Lab  
  53  4:44  Marine  
  56  4:45  Orbital Command  
  56  4:48  Marine  
  57  4:58  Supply Depot  
  56  5:00  Supply Depot  
  56  5:16  Orbital Command  
  56  5:19  SCV, Marine x3  
  60  5:21  Siege Tank  
  61  5:31  SCV  
  60  5:35  Combat Shield  
  60  5:37  Marine x3  
  63  5:43  SCV x2  
  63  5:45  Supply Depot  
  65  5:54  Siege Tank  
  65  5:55  Marine x2  
  70  6:00  Supply Depot  
  70  6:07  SCV x2, Marine  
  70  6:09  Barracks  
  73  6:13  Engineering Bay  
  73  6:14  Marine  
  74  6:19  SCV x2  
  74  6:21  Marine  
  74  6:24  Marine  
  78  6:27  Supply Depot  
  78  6:29  Siege Tank  
  78  6:31  SCV x2  
  78  6:32  Marine  
  83  6:37  Supply Depot  
  83  6:38  Marine  
  85  6:43  SCV  
  85  6:45  Marine  
  86  6:50  Marine  
  86  6:51  SCV  
  86  6:52  Refinery, Terran Infantry Weapons Level 1  
  85  7:00  Marine  
  82  7:03  SCV  
  82  7:04  Marine  
  82  7:08  Command Center  
  80  7:13  SCV  
  80  7:14  Marine  
  80  7:15  SCV  
  82  7:19  Marine x2  
  82  7:22  Barracks Tech Lab  
  84  7:25  SCV  
  85  7:31  Siege Tank  
  85  7:34  Medivac  
  90  7:40  SCV  
  90  7:41  SCV  
  91  7:46  Missile Turret  
  71  7:55  Marine  
  71  7:56  Marauder  
  71  7:57  Marine x2  
  58  8:06  Siege Tank  
  61  8:13  Marine  
  61  8:15  Supply Depot  
  61  8:16  SCV, Concussive Shells  
  61  8:17  Marine  
  61  8:18  Marine  
  61  8:19  Marine  
  66  8:25  Orbital Command  
  66  8:31  Marine  
  66  8:32  SCV  
  68  8:36  Marauder  
  68  8:38  Siege Tank  
  68  8:40  Marine, Marauder  
  74  8:46  SCV  
  74  8:48  Terran Infantry Armor Level 1, Marine  
  74  8:52  Orbital Command  
  74  8:54  SCV  
  76  8:58  SCV, Marine  
  76  8:59  Marauder  
  76  9:02  Refinery  
  82  9:03  Marauder  
  82  9:06  SCV  
  82  9:08  Barracks  
  82  9:09  Barracks  
  83  9:10  Siege Tank  
  83  9:12  SCV  
  83  9:13  Marine  
  83  9:16  Marine  
  89  9:21  SCV, Marine  
  89  9:22  Missile Turret  
  89  9:23  Marine  
  92  9:25  SCV  
  92  9:27  SCV  
  92  9:28  Missile Turret  
  92  9:31  Marine  
  94  9:33  SCV  
  94  9:37  SCV  
  97  9:40  Marine, Marauder  
  97  9:41  Bunker  
  97  9:45  Siege Tank  
  103  9:48  Marine  
  103  9:49  Marine  
  103  9:50  SCV  
  106  9:54  Supply Depot, SCV  
  106  9:56  SCV  
  109  10:02  Barracks Reactor  
  109  10:03  SCV  
  109  10:04  Marine x2  
  109  10:05  Barracks Tech Lab  
  109  10:06  Supply Depot, SCV  
  112  10:08  SCV  
  112  10:10  Marine  
  112  10:13  Armory  
  114  10:16  Engineering Bay  
  114  10:18  Siege Tank  
  114  10:19  Missile Turret  
  114  10:20  SCV  
  118  10:23  Marine x2  
  118  10:24  SCV  
  118  10:25  SCV, Marine  
  123  10:29  Supply Depot  
  123  10:30  Marine  
  123  10:31  Marauder  
  126  10:40  Marine, Liberator  
  126  10:41  Marauder  
  126  10:42  Marine x2  
  134  10:43  Marine  
  135  10:50  Siege Tank  
  135  10:52  Marauder  
  135  10:54  Marine  
  135  10:56  Command Center  
  141  10:58  Marine, Liberator  
  141  11:01  Refinery  
  141  11:02  Refinery  
  145  11:05  Marine x2  
  145  11:06  Marine, Sensor Tower  
  148  11:14  Terran Infantry Armor Level 2, Terran Infantry Weapons Level 2  
  147  11:26  Ghost Academy  
  149  11:40  Supply Depot  
  149  11:43  Supply Depot  
  149  11:44  Supply Depot  
  149  11:48  Marine  
  149  11:51  Siege Tank, Marine, Liberator x2  
  148  11:57  Ghost x3  
  148  12:04  Marine  
  142  12:10  Marine  
  142  12:14  Marine  
  134  12:16  SCV  
  134  12:17  SCV  
  134  12:19  SCV  
  134  12:21  SCV  
  137  12:25  Siege Tank  
  137  12:26  Marine x2  
  137  12:27  Marauder x3  
  137  12:28  SCV, Marine  
  149  12:31  SCV  
  150  12:45  Marine  
  150  12:47  Missile Turret, Ghost, Refinery  
  150  12:48  Marauder  
  150  12:50  SCV x3  
  158  12:53  Ghost  
  160  13:03  Marine x2  
  160  13:04  SCV  
  160  13:08  Planetary Fortress  
  160  13:09  SCV, Marauder  
  165  13:16  Marauder, Medivac x2  
  165  13:18  SCV  
  170  13:20  Refinery  
  170  13:21  Refinery  
  170  13:22  SCV, Marine  
  170  13:23  Marauder, Marine  
  175  13:27  Marine  
  175  13:29  SCV  
  175  13:31  Marauder  
  175  13:33  Marine  
  180  13:35  SCV  
  180  13:38  Marauder  
  185  13:57  Missile Turret  
  174  14:04  Missile Turret  
Show
View Real Time Build Order
Export as new Build Order

Cyan Protoss - Winner!

Build Orders: 1 Gate Expand, Colossus Rush 

Get SALT Encoding   

  12  0:00  Probe  
  13  0:12  Probe  
  14  0:18  Pylon  
  14  0:24  Probe (Chrono Boost)  
  15  0:36  Probe (Chrono Boost)  
  15  0:39  Gateway  
  16  0:45  Probe (Chrono Boost)  
  16  0:47  Assimilator  
  17  0:51  Probe  
  18  1:03  Probe  
  19  1:15  Probe  
  20  1:26  Cybernetics Core  
  20  1:34  Nexus  
  20  1:38  Probe  
  21  1:44  Pylon  
  21  1:50  Probe  
  21  1:53  Assimilator  
  22  1:59  Adept (Chrono Boost)  
  22  2:02  Probe, Warp Gate (Chrono Boost)  
  25  2:14  Probe  
  26  2:21  Sentry (Chrono Boost)  
  28  2:26  Probe  
  29  2:35  Gateway  
  29  2:38  Probe  
  30  2:46  Stalker, Probe  
  30  2:50  Probe  
  34  2:52  Shield Battery  
  34  2:58  Probe  
  34  3:02  Gateway  
  34  3:05  Probe  
  36  3:12  Probe  
  37  3:13  Pylon  
  37  3:17  Probe  
  38  3:22  Robotics Facility  
  38  3:26  Probe  
  38  3:29  Probe  
  38  3:33  Pylon  
  39  3:38  Sentry  
  39  3:39  Stalker  
  43  3:41  Probe  
  43  3:46  Probe  
  45  3:53  Probe  
  46  3:58  Probe  
  46  3:59  Stalker  
  49  4:03  Stalker x2  
  49  4:06  Pylon  
  49  4:08  Probe  
  54  4:11  Observer  
  54  4:12  Probe  
  54  4:16  Assimilator  
  56  4:18  Assimilator  
  56  4:20  Probe  
  56  4:32  Stalker x3  
  56  4:34  Probe  
  56  4:38  Probe  
  64  4:41  Observer  
  64  4:45  Pylon  
  65  4:46  Probe  
  65  4:50  Probe  
  67  4:58  Robotics Bay, Probe  
  68  5:03  Probe  
  70  5:09  Gateway, Pylon, Observer  
  70  5:10  Probe  
  70  5:11  Stalker  
  73  5:15  Stalker  
  69  5:28  Stalker  
  70  5:34  Probe  
  68  5:35  Probe  
  68  5:43  Colossus (Chrono Boost)  
  68  5:46  Probe  
  68  5:47  Pylon, Probe  
  68  5:48  Observer  
  76  5:58  Probe  
  76  6:00  Extended Thermal Lance  
  77  6:08  Pylon  
  77  6:13  Gateway  
  77  6:15  Stalker, Gateway  
  78  6:27  Colossus (Chrono Boost)  
  84  6:34  Adept  
  84  6:35  Adept x2  
  84  6:38  Shield Battery  
  89  6:52  Stalker  
  89  6:57  Observer  
  87  7:05  Warp Prism (Chrono Boost)  
  89  7:10  Probe  
  89  7:11  Probe  
  89  7:13  Twilight Council  
  89  7:14  Pylon  
  89  7:18  Pylon  
  89  7:22  Zealot x4  
  93  7:36  Nexus  
  93  7:38  Pylon  
  73  7:53  Blink (Chrono Boost)  
  73  7:54  Stalker x5  
  75  8:03  Stalker  
  75  8:09  Probe x2  
  76  8:17  Colossus (Chrono Boost), Forge  
  76  8:21  Probe  
  76  8:26  Probe  
  84  8:28  Sentry x3  
  84  8:33  Probe  
  91  8:38  Probe  
  92  8:46  Protoss Ground Weapons Level 1 (Chrono Boost), Observer  
  92  8:50  Probe x3  
  92  8:51  Colossus (Chrono Boost)  
  92  8:54  Shield Battery  
  101  9:05  Gateway  
  101  9:06  Gateway  
  101  9:17  Pylon, Probe x2  
  102  9:18  Assimilator  
  102  9:22  Assimilator  
  103  9:33  Observer  
  103  9:34  Probe  
  104  9:38  Templar Archives, Charge  
  104  9:39  Robotics Facility  
  104  9:42  Disruptor (Chrono Boost)  
  107  9:46  Stalker x2  
  107  9:50  Nexus  
  107  9:52  Pylon  
  111  9:59  Zealot x2  
  115  10:09  Pylon, Observer (Chrono Boost)  
  115  10:13  Probe  
  115  10:14  Pylon  
  117  10:15  Shield Battery  
  117  10:16  Probe  
  117  10:18  Photon Cannon, High Templar x2  
  122  10:23  Archon  
  122  10:27  High Templar  
  124  10:28  High Templar, Zealot  
  124  10:29  Pylon  
  124  10:30  Zealot, Observer  
  124  10:32  Archon  
  124  10:35  Protoss Ground Weapons Level 2 (Chrono Boost)  
  131  10:37  Zealot x2  
  131  10:41  Gravitic Drive (Chrono Boost)  
  135  10:46  Pylon, Probe x2  
  137  10:50  Zealot  
  137  10:51  Probe  
  137  10:55  Observer (Chrono Boost)  
  141  10:58  Probe  
  141  11:03  Disruptor (Chrono Boost)  
  145  11:04  Probe  
  146  11:11  Stalker  
  146  11:12  Stalker  
  146  11:16  Disruptor  
  146  11:17  Observer  
  153  11:19  Probe x2  
  153  11:21  Assimilator  
  153  11:24  Assimilator  
  155  11:28  Nexus  
  155  11:31  Stargate  
  155  11:35  Probe  
  155  11:36  Observer  
  155  11:39  Protoss Air Weapons Level 1 (Chrono Boost)  
  156  11:40  Probe x3  
  156  11:44  Pylon  
  159  11:47  Probe  
  160  11:57  Dark Shrine  
  160  11:58  Gateway  
  160  12:01  Zealot x2  
  160  12:02  Gateway, Zealot x3  
  160  12:04  Zealot  
  172  12:08  Zealot x2  
  172  12:18  Disruptor (Chrono Boost)  
  167  12:24  Fleet Beacon  
  167  12:28  Stargate  
  157  12:33  Stargate  
  149  12:42  Disruptor  
  143  12:47  Probe x3, Disruptor  
  143  12:48  Pylon  
  149  12:57  Forge  
  149  12:59  Zealot x3  
  149  13:00  Zealot  
  149  13:01  Probe  
  149  13:05  Carrier (Chrono Boost)  
  158  13:10  Probe x2  
  170  13:27  Probe x3  
  178  13:29  Photon Cannon  
  178  13:31  Shield Battery  
  177  13:41  Zealot x4  
  177  13:42  Dark Templar x2  

Tags
 
Add a new tag
Caveats
  • Supply blocks, unpowered buildings, or Contaminate may cause inaccurate times.
  • Supply counts are checked every 10 seconds.